 Dungeon Crawl Stone Soup version 0.16.0-7-ge91f220 (webtiles) character file.

12646 esc the Blocker (level 12, -5/94 HPs)
             Began as a Formicid Fighter on Mar 15, 2015.
             Was a High Priest of Okawaru.
             Slain by a skeletal warrior
             ... wielding a +5 hand axe
              (19 damage)
             ... on level 13 of the Dungeon.
             The game lasted 00:43:23 (10322 turns).

esc the Blocker (Formicid Fighter)                 Turns: 10322, Time: 00:43:24

Health: -5/94      AC: 11    Str: 24    XL:     12   Next: 22%
Magic:  24/24      EV: 16    Int: 11    God:    Okawaru [*****.]
Gold:   896        SH: 12    Dex: 14    Spells: 0 memorised, 11 levels left

rFire  . . .     SeeInvis +     S - +2 falchion (freeze)
rCold  . . .     Clarity  .     p - +1 leather armour {rPois}
rNeg   . . .     SustAb   .     c - +0 shield
rPois  +         Gourm    .     (helmet unavailable)
rElec  .         Spirit   .     J - +0 cloak
rCorr  .         Warding  .     (no gloves)
rMut   .         Stasis   +     H - +4 pair of boots "Duq Zyor" {-Cast Regen+ Str-2 Int+3 Stlth+}
MR     ++...     NoCast   +     (no amulet)
Stlth  ++........               a - +4 ring of strength
                                l - ring of protection from magic

@: very resistant to hostile enchantments, unstealthy
A: permanent stasis, dig shafts and tunnels, four strong arms, antennae 3
a: Dig, Shaft Self, Heroism, Renounce Religion


You were on level 13 of the Dungeon.
You worshipped Okawaru.
Okawaru was extremely pleased with you.
You were hungry.

You visited 2 branches of the dungeon, and saw 12 of its levels.

You collected 896 gold pieces.

Inventory:

Hand weapons
 R - a +0 blowgun
 S - a +2 falchion of freezing (weapon)
Missiles
 f - 7 tomahawks (quivered)
 s - 2 throwing nets
 v - 18 stones
 y - 4 needles of frenzy
 M - 2 curare-tipped needles
 N - 8 steel tomahawks
 T - 4 needles of sleeping
 U - 17 poisoned needles
Armour
 c - a +0 shield (worn)
 p - a +1 leather armour of poison resistance (worn)
 H - the +4 pair of boots "Duq Zyor" (worn) {-Cast Regen+ Str-2 Int+3 Stlth+}
   (You found it on level 5 of the Dungeon)

   It affects your strength (-2).
   It affects your intelligence (+3).
   It prevents spellcasting.
   It increases your rate of regeneration.
   It makes you more stealthy.
 J - a +0 cloak (worn)
Jewellery
 a - a +4 ring of strength (right hand)
 l - a ring of protection from magic (left hand)
 t - an uncursed ring of stealth
Magical devices
 m - a wand of slowing (2)
 D - a wand of invisibility (1)
 G - a wand of draining (7)
 I - a wand of confusion (26)
 K - a wand of teleportation (6)
 O - a wand of paralysis (6)
Scrolls
 g - 2 scrolls of fear
 j - 2 scrolls of fog
 n - 7 scrolls of remove curse
 r - a scroll of recharging
Potions
 b - a potion of haste
 e - a potion of might
 h - a potion of agility
 k - a potion of poison
 o - a potion of brilliance
 q - a potion of cure mutation
 u - 3 potions of flight
 w - 4 potions of cancellation
 z - 2 potions of heal wounds
 A - a potion of magic {unknown}
 B - 5 potions of curing {unknown}
 E - a potion of restore abilities {unknown}
 F - 2 potions of invisibility {unknown}
 L - a potion of mutation {unknown}
 V - a potion of lignification {unknown}
Miscellaneous
 x - a plain deck of changes {drawn: 3}
 P - a phantom mirror
 Q - an ornate deck of wonders {drawn: 1}
Comestibles
 d - 8 bread rations
 i - 5 meat rations
 C - 9 slices of pizza
 W - 3 chunks of flesh
 X - 3 poisonous chunks of flesh


   Skills:
 + Level 8.3 Fighting
 + Level 9.5 Long Blades
 + Level 8.0 Armour
 + Level 7.9 Dodging
 - Level 9.8 Shields
 - Level 6.8 Invocations
 + Level 3.9 Evocations


You had 11 spell levels left.
You didn't know any spells.

Dungeon Overview and Level Annotations

Branches:
Dungeon (13/15)            Temple (1/1) D:4             Orc (0/4) D:10
   Lair: D:8-11      Vaults: D:13-14

Altars:
Ashenzari
Cheibriados
Dithmenos
Elyvilon
Fedhas
Gozag
Kikubaaqudgha
Makhleb
Nemelex Xobeh
Okawaru
Qazlal
Ru
Sif Muna
Trog
Vehumet
Xom
Yredelemnul
Zin
The Shining One

Annotations:
D:8 Edmund


Innate Abilities, Weirdness & Mutations

You are under a permanent stasis effect.
You can dig through walls and to a lower floor.
Your four strong arms can wield two-handed weapons with a shield.
You have a pair of large antennae on your head (SInv).


Message History

The skeletal warrior is heavily damaged.
The skeletal warrior misses you.
You barely miss the skeletal warrior.
The skeletal warrior is heavily damaged.
The skeletal warrior hits you with an enchanted hand axe.
You slash the skeletal warrior! You freeze the skeletal warrior.
The skeletal warrior is almost destroyed.
The skeletal warrior hits you with an enchanted hand axe!!
* * * LOW HITPOINT WARNING * * *
You hit the skeletal warrior but do no damage.
The skeletal warrior is almost destroyed.
You barely miss the skeletal warrior.
The skeletal warrior is almost destroyed.
The skeletal warrior closely misses you.
Drink which item? (? for menu, Esc to quit)
Okay, then.
You hit the skeletal warrior but do no damage.
The skeletal warrior is almost destroyed.
The skeletal warrior hits you with an enchanted hand axe!!
You die...

..............##....#.####.......
#.#.###+###............###..#.###
#.#.# ..####...#...........#
..#.# ..# #.....#.###...####
#.#.# ..# #..#.##.###.......
#.### .###..#.#........##.# #.#
..............##.# ###
##z##...####..###.#
#.@................ #
#..###..###...#.#.# # {
#..>..........#.### #
#.####..###.#......
#.####..###.###....
...............#####
########.....### ### #.....# #..
#....## #.#


You could see a skeletal warrior.

Vanquished Creatures
  2 skeletal warriors (D:13)
  2 hill giants
  Pikel (D:4)
  An ugly thing (D:13)
  Maurice (D:8)
  A cyclops (D:13)
  7 trolls
  A shadow (D:13)
  2 hippogriffs
  3 wyverns
  5 yaks (D:13)
  Eustachio (D:8)
  A warg (D:9)
  A hungry ghost (D:8)
  3 ice beasts
  3 phantoms
  2 sky beasts
  A wasp (D:10)
  5 ogres
  8 orc warriors
  4 centaurs
  Sigmund (D:7)
  A big kobold (D:10)
  Blork the orc (D:7)
  4 giant frogs
  16 killer bees
  2 scorpions (D:9)
  3 wights (D:8)
  A goliath beetle (D:7)
  7 hounds
  A wasp zombie (D:9)
  2 centaur skeletons
  5 crimson imps
  A giant frog zombie (D:5)
  7 orc priests
  6 orc wizards
  5 jellies
  Crazy Yiuf (D:5)
  2 giant frog skeletons (D:6)
  4 iguanas
  A quasit (D:13)
  12 worker ants
  Natasha (thrice) (D:5)
  Ijyb (D:2)
  Jessica (D:2)
  2 hound zombies (D:5)
  4 gnolls
  A shadow imp (D:5)
  7 adders
  4 worms
  An adder skeleton (D:9)
  4 giant geckos
  43 orcs
  13 bats
  4 bat skeletons
  8 giant cockroaches
  13 goblins
  13 hobgoblins
  4 jackals (D:5)
  10 kobolds
  2 ball pythons (D:2)
  A ball python skeleton (D:4)
  A giant gecko zombie (D:5)
  4 giant newts
  A giant spore (D:8)
  A jackal skeleton (D:5)
  2 quokkas
  20 rats
  2 ballistomycetes (D:8)
  A butterfly (D:7)
309 creatures vanquished.

Vanquished Creatures (collateral kills)
  A worldbinder (D:9)
  An iguana (D:9)
  An orc wizard (D:9)
  3 orcs (D:9)
  A kobold (D:9)
7 creatures vanquished.

Vanquished Creatures (others)
  A giant mite (D:4)
  An orc (D:4)
  A kobold (D:4)
3 creatures vanquished.

Grand Total: 319 creatures vanquished

Notes
Turn   | Place    | Note
--------------------------------------------------------------
     0 | D:1      | esc, the Formicid Fighter, began the quest for the Orb.
     0 | D:1      | Reached XP level 1. HP: 18/18 MP: 1/1
   144 | D:1      | Reached XP level 2. HP: 24/24 MP: 3/3
   537 | D:1      | Reached skill level 4 in Shields
   660 | D:2      | Found a shimmering altar of Xom.
   663 | D:2      | Reached XP level 3. HP: 29/29 MP: 4/4
   747 | D:2      | Noticed Jessica
   769 | D:2      | Killed Jessica
   978 | D:2      | Reached XP level 4. HP: 18/37 MP: 5/5
  1507 | D:2      | Noticed Ijyb
  1515 | D:2      | Killed Ijyb
  1515 | D:2      | Reached XP level 5. HP: 39/42 MP: 7/7
  1922 | D:3      | Reached skill level 5 in Shields
  2224 | D:3      | Found a snail-covered altar of Cheibriados.
  2452 | D:4      | Found a staircase to the Ecumenical Temple.
  2466 | Temple   | Entered the Ecumenical Temple
  2558 | Temple   | Became a worshipper of Warmaster Okawaru
  2672 | D:4      | Noticed an ogre
  2674 | D:4      | Found a sparkling altar of Nemelex Xobeh.
  2681 | D:4      | Killed an ogre
  2681 | D:4      | Reached skill level 1 in Dodging
  2681 | D:4      | Reached XP level 6. HP: 48/48 MP: 7/9
  2760 | D:4      | Noticed an ogre
  2766 | D:4      | Killed an ogre
  2766 | D:4      | Reached XP level 7. HP: 31/54 MP: 11/13
  3418 | D:4      | Noticed a hippogriff
  3419 | D:4      | Found an ancient bone altar of Kikubaaqudgha.
  3669 | D:4      | Acquired Okawaru's first power
  3712 | D:4      | Killed a hippogriff
  3911 | D:4      | Noticed Pikel
  3911 | D:4      | Noticed a slave
  3911 | D:4      | Noticed a slave
  3911 | D:4      | Noticed a slave
  3911 | D:4      | Noticed a slave
  3924 | D:4      | Killed Pikel
  3924 | D:4      | Reached skill level 5 in Dodging
  3924 | D:4      | Reached skill level 6 in Invocations
  3924 | D:4      | Reached XP level 8. HP: 48/60 MP: 16/20
  4179 | D:5      | Entered Level 5 of the Dungeon
  4513 | D:5      | Got a pair of scorched boots
  4524 | D:5      | Identified the +4 pair of boots "Duq Zyor" {-Cast Regen+ Str-2 Int+3 Stlth+} (You found it on level 5 of the Dungeon)
  4528 | D:5      | Reached XP level 9. HP: 66/66 MP: 21/21
  4532 | D:5      | Noticed Natasha
  4539 | D:5      | Killed Natasha
  4691 | D:5      | Noticed Natasha
  4694 | D:5      | Killed Natasha
  4751 | D:5      | Got a shimmering spear
  4776 | D:5      | Identified the +5 spear of Tension {vamp, rC+ Str-2 Stlth+} (You found it on level 5 of the Dungeon)
  4848 | D:5      | Noticed Natasha
  4856 | D:5      | Killed Natasha
  4874 | D:5      | Noticed Crazy Yiuf
  4879 | D:5      | Killed Crazy Yiuf
  5122 | D:6      | Reached skill level 5 in Fighting
  5128 | D:6      | Reached skill level 5 in Armour
  5409 | D:6      | Found a glowing golden altar of the Shining One.
  5413 | D:6      | Found a white marble altar of Elyvilon.
  5418 | D:6      | Found a sacrificial altar of Ru.
  5591 | D:7      | Found a deep blue altar of Sif Muna.
  5638 | D:7      | Noticed Blork the orc
  5643 | D:7      | Killed Blork the orc
  5659 | D:7      | Found a staircase to the Ecumenical Temple.
  5724 | D:7      | Noticed Sigmund
  5734 | D:7      | Killed Sigmund
  6322 | D:7      | Reached skill level 5 in Long Blades
  6322 | D:7      | Reached skill level 7 in Shields
  6473 | D:8      | Noticed Maurice
  6516 | D:8      | HP: 3/68 [wyvern (16)]
  6611 | D:8      | Reached XP level 10. HP: 63/74 MP: 22/22
  6633 | D:8      | Killed Maurice
  6633 | D:8      | Reached skill level 8 in Shields
  6893 | D:8      | Noticed Eustachio
  6902 | D:8      | Killed Eustachio
  6987 | D:8      | Reached skill level 9 in Shields
  7144 | D:7      | You fall through a shaft!
  7246 | D:8      | Noticed Edmund
  7475 | D:7      | You fall through a shaft for 2 floors!
  8093 | D:9      | Acquired Okawaru's second power
  8093 | D:9      | Reached XP level 11. HP: 55/81 MP: 23/23
  8258 | D:9      | Found a bloodstained altar of Trog.
  8265 | D:9      | Found a blossoming altar of Fedhas.
  8350 | D:9      | Found a burning altar of Makhleb.
  8600 | D:10     | Entered Level 10 of the Dungeon
  8810 | D:10     | Found a staircase to the Orcish Mines.
  8901 | D:10     | Noticed a hill giant
  8920 | D:10     | Killed a hill giant
  8980 | D:10     | Received a gift from Okawaru
  8981 | D:10     | Got a shimmering bardiche {god gift}
  8982 | D:10     | Identified the +1 bardiche "Pecaen" {drain, Noisy +Rage rN+} (Okawaru gifted it to you on level 10 of the Dungeon)
  9296 | D:10     | Found a large runed door.
  9297 | D:10     | Found a large runed door.
  9307 | D:10     | Noticed a naga warrior
  9489 | D:10     | Noticed a cyclops
  9489 | D:10     | Noticed a cyclops
  9490 | D:10     | Found an iron altar of Okawaru.
  9494 | D:10     | You fall through a shaft for 3 floors!
  9547 | D:13     | Got a shimmering scale mail
  9558 | D:13     | Identified the -6 scale mail "Proloss" {rPois Slay+2} (You found it on level 13 of the Dungeon)
  9631 | D:13     | Noticed a white ugly thing
  9644 | D:13     | Killed a white ugly thing
  9644 | D:13     | Reached skill level 1 in Evocations
  9843 | D:13     | Noticed a cyclops
  9866 | D:13     | Killed a cyclops
  9919 | D:13     | Noticed a skeletal warrior
  9919 | D:13     | Noticed a skeletal warrior
  9955 | D:13     | Killed a skeletal warrior
  9966 | D:13     | Noticed a hill giant
  9976 | D:13     | Killed a hill giant
  9976 | D:13     | Reached XP level 12. HP: 92/92 MP: 24/24
 10042 | D:13     | Killed a skeletal warrior
 10042 | D:13     | Received a gift from Okawaru
 10288 | D:13     | Noticed a skeletal warrior
 10322 | D:13     | Slain by a skeletal warrior

Action                   |  1- 3 |  4- 6 |  7- 9 | 10-12 || total
-------------------------+-------+-------+-------+-------++-------
Melee: Long sword        |    75 |   134 |   306 |   253 ||   768
       Falchion          |       |       |       |   335 ||   335
 Fire: Blowgun           |       |       |       |     5 ||     5
Throw: Tomahawk          |       |       |       |    10 ||    10
Invok: Heroism           |       |       |       |     5 ||     5
 Abil: Dig               |       |       |       |     4 ||     4
       Shaft Self        |       |       |       |     3 ||     3
Evoke: Wand              |       |     1 |       |     2 ||     3
       Deck              |       |     2 |     1 |     1 ||     4
  Use: Scroll            |       |    10 |     7 |     6 ||    23
       Potion            |       |       |     2 |     1 ||     3
 Stab: Sleeping          |       |       |     5 |     7 ||    12
       Distracted        |       |       |     1 |     1 ||     2
  Eat: Chunk             |       |     5 |     6 |    13 ||    24
       Pizza             |       |     1 |       |       ||     1
       Fruit             |       |       |     2 |       ||     2
       Bread ration      |       |       |     1 |       ||     1
       Beef jerky        |       |       |       |     1 ||     1
